 Dungeon Crawl Stone Soup version 0.20-a0-893-g832831a (console) character file.

2336 Goblin1989 the Carver (level 9, -14/69 HPs)
             Began as a Barachi Fighter on Mar 17, 2017.
             Was an Initiate of Okawaru.
             Demolished by a two-headed ogre
             ... wielding a +0 giant club
              (16 damage)
             ... on level 8 of the Dungeon.
             The game lasted 00:23:43 (8963 turns).

Goblin1989 the Carver (Barachi Fighter)             Turns: 8963, Time: 00:23:44

Health: -14/69     AC: 13    Str: 21    XL:     9   Next: 42%
Magic:  9/9        EV: 11    Int:  8    God:    Okawaru [......]
Gold:   354        SH: 10    Dex: 17    Spells: 8/8 levels left

rFire    + . .     SeeInvis .   s - +2 falchion (slice)
rCold    + + .     Gourm    .   E - +0 chain mail
rNeg     . . .     Faith    .   c - +0 shield
rPois    +         Spirit   .   l - +1 helmet
rElec    +         Reflect  .   B - scarf {rC+}
rCorr    +         Harm     .   t - +0 pair of gloves
MR       .....                  (no boots)
Stlth    ..........             r - amulet of regeneration
Regen    0.7/turn               y - +3 ring of slaying
MPRegen  0.2/turn               o - ring of poison resistance

@: agile, resistant, slow
A: +LOS, swims, slowness 1, strong legs 1
a: Hop, Renounce Religion


You were on level 8 of the Dungeon.
You worshipped Okawaru.
Okawaru was noncommittal.
You were not hungry.

You visited 2 branches of the dungeon, and saw 9 of its levels.
You also visited: Ossuary.

You collected 354 gold pieces.

Inventory:

Hand Weapons
 a - a +1 long sword
 s - a +2 falchion of slicing (weapon)
Armour
 c - a +0 shield (worn)
 l - a +1 helmet (worn)
 t - a +0 pair of gloves (worn)
 B - a scarf of cold resistance (worn)
 E - a +0 chain mail (worn)
Jewellery
 m - an uncursed ring of protection from magic
 o - a ring of poison resistance (left hand)
 r - an amulet of regeneration (around neck)
 v - an uncursed amulet of guardian spirit
 y - a +3 ring of slaying (right hand)
Scrolls
 b - 2 scrolls of recharging {unknown}
 d - 2 scrolls of fog {unknown}
 g - 10 scrolls of identify {unknown}
 h - 4 scrolls of enchant armour
 q - 6 scrolls of remove curse {unknown}
 A - a scroll of enchant weapon
 C - a scroll of random uselessness {unknown}
 D - a scroll of fear {unknown}
 M - a scroll of magic mapping
Potions
 f - a potion of resistance
 j - a potion of cancellation {unknown}
 k - 6 potions of curing {@q1}
 n - a potion of berserk rage {unknown}
 u - 3 potions of mutation {unknown}
 w - a potion of agility
Comestibles
 e - 10 bread rations {@e1}
 i - 8 meat rations {@e2}
 p - 4 chunks of flesh


   Skills:
 + Level 5.9 Fighting
 * Level 12.3 Long Blades
 + Level 5.6 Armour
 + Level 5.2 Shields


You had 8 spell levels left.
You didn't know any spells.

Dungeon Overview and Level Annotations

Branches:
Dungeon (8/15)             Temple (1/1) D:7
   Lair: D:8-11

Altars:
Ashenzari
Dithmenos
Elyvilon
Gozag
Hepliaklqana
Kikubaaqudgha
Makhleb
Nemelex Xobeh
Okawaru
Qazlal
Ru
Sif Muna
Trog
Uskayaw
Vehumet
Wu Jian
Xom
Yredelemnul
Zin

Shops:
D:4 =

Annotations:
D:5 Prince Ribbit


Innate Abilities, Weirdness & Mutations

Shadows flee at your approach. (+LOS)
You can swim through water.
You cover ground slowly.
You can hop short distances.


Message History

You are too injured to fight recklessly!
You are too injured to fight recklessly!
You are too injured to fight recklessly!
You are too injured to fight recklessly!
You are too injured to fight recklessly!
You are too injured to fight recklessly!
You are too injured to fight recklessly!
You are too injured to fight recklessly!
You are too injured to fight recklessly!
You are too injured to fight recklessly!
Unknown command.
It was a potion of ambrosia.
You are confused.
You feel invigorated.
The two-headed ogre hits you with a giant club! x2
* * * LOW HITPOINT WARNING * * *
You take 15 damage, and have 21/69 hp.
MASSIVE DAMAGE!!
Unknown command.
An orc comes into view.
You regained 3 hp, and now have 24/69 hp.
You bump into the rock wall.
The orc shouts!
The two-headed ogre hits you with a giant club!
* * * LOW HITPOINT WARNING * * *
The two-headed ogre hits you with a giant club!
* * * LOW HITPOINT WARNING * * *
You take 20 damage, and have 4/69 hp.
MASSIVE DAMAGE!!
Really quaff
z - 3 potions of heal wounds {@q2, !q}?
You feel much better.
You regained 31 hp, and now have 35/69 hp.
The two-headed ogre completely misses you.
The two-headed ogre hits you but does no damage.
You regained 6 hp, and now have 41/69 hp.
You bump into the rock wall.
You regained 4 hp, and now have 45/69 hp.
The two-headed ogre hits you with a giant club! x2
You take 10 damage, and have 35/69 hp.
A kobold comes into view. It is wielding a staff of cold.
You regained 4 hp, and now have 39/69 hp.
You bump into the rock wall.
You feel less invigorated.
You feel less confused.
The kobold shouts!
The kobold moves out of view.
You regained 5 hp, and now have 44/69 hp.
The two-headed ogre barely misses you.
The two-headed ogre hits you with a giant club.
You take 3 damage, and have 41/69 hp.
It was a potion of resistance.
You feel protected.
The two-headed ogre hits you with a giant club.
You block the two-headed ogre's attack.
You take 3 damage, and have 39/69 hp.
It was a potion of agility.
You feel agile all of a sudden.
Your chain mail prevents you from hitting the two-headed ogre.
The two-headed ogre is lightly wounded.
You block the two-headed ogre's attack. The two-headed ogre closely misses you.
You slash the two-headed ogre!
The two-headed ogre is heavily wounded.
The two-headed ogre hits you with a giant club!!
* * * LOW HITPOINT WARNING * * *
The two-headed ogre hits you with a giant club!
* * * LOW HITPOINT WARNING * * *
You hear a shout!
You take 31 damage, and have 9/69 hp.
MASSIVE DAMAGE!!
Really quaff
z - 2 potions of heal wounds {@q2, !q}?
You feel much better.
You hear a shout! x2
You regained 28 hp, and now have 37/69 hp.
Unknown command.
You hit the two-headed ogre.
The two-headed ogre is heavily wounded.
The two-headed ogre closely misses you.
You riposte.
Your shield and chain mail prevent you from hitting the two-headed ogre.
The two-headed ogre is heavily wounded.
The two-headed ogre hits you with a giant club!
* * * LOW HITPOINT WARNING * * *
You take 16 damage, and have 21/69 hp.
MASSIVE DAMAGE!!
Really quaff
z - a potion of heal wounds {@q2, !q}?
You feel much better.
The two-headed ogre hits you with a giant club!
You block the two-headed ogre's attack.
You regained 14 hp, and now have 35/69 hp.
Unknown command.
You closely miss the two-headed ogre.
The two-headed ogre is heavily wounded.
You barely miss the two-headed ogre.
The two-headed ogre is heavily wounded.
The two-headed ogre hits you but does no damage.
The two-headed ogre hits you with a giant club!
* * * LOW HITPOINT WARNING * * *
You take 12 damage, and have 23/69 hp.
You hit the two-headed ogre.
The two-headed ogre is severely wounded.
You slash the two-headed ogre!
The two-headed ogre is almost dead.
The two-headed ogre hits you with a giant club!!
* * * LOW HITPOINT WARNING * * *
The two-headed ogre hits you with a giant club!
You die... █████

█.......█ █.... █.......████
█..... █████████...........
█.....████████...............███.
▲..............o...........>...█.
█......█..████.█OK.█.█.███.█.█.█.
█.......%.█ █o█o█.█.█.█.........
█<.█ █†█O█.█.█.█.███████.


████ █o█@█.█.█........... █.█.█.█.███.████████ █O█...... ......... ..███.█(█
..███████ ... ..█.█ ███ ███.█ You could see 2 two-headed ogres, 2 orcs and a
kobold.

Vanquished Creatures
  Grinder (D:3)
  A spriggan (D:7)
  Eustachio (D:5)
  Menkaure (D:6)
  A water moccasin (D:7)
  An orc warrior (D:7)
  4 ogres
  A necrophage (D:5)
  A big kobold (D:4)
  A bullfrog (D:8)
  An elf zombie (Ossuary)
  3 centaur zombies (Ossuary)
  A hound (D:7)
  2 human zombies (Ossuary)
  2 orc wizards
  An orc priest (D:7)
  2 centaur skeletons (D:5)
  An iguana (D:4)
  3 worker ants
  A big kobold zombie (Ossuary)
  2 hound skeletons (D:7)
  3 mummies
  Robin (D:3)
  8 gnolls
  12 adders
  4 oozes
  4 adder zombies (Ossuary)
  5 worms
  A dart slug (D:1)
  4 leopard geckos
  25 orcs
  6 bats
  9 giant cockroaches
  14 goblins
  5 hobgoblins
  2 jackals (D:2)
  7 quokkas
  A ball python (D:1)
  3 frilled lizards (D:3)
  A giant cockroach zombie (D:5)
  12 hobgoblin zombies
  2 jackal zombies (Ossuary)
  9 kobolds
  8 kobold zombies (Ossuary)
  2 leopard gecko zombies
  6 orc zombies (Ossuary)
  A quokka zombie (D:5)
  10 rats
197 creatures vanquished.

Vanquished Creatures (others)
  A plant (D:3)
1 creature vanquished.

Grand Total: 198 creatures vanquished

Notes
Turn   | Place    | Note
-------+----------+-------------------------------------------
     0 | D:1      | Goblin1989 the Barachi Fighter began the quest for the Orb.
     0 | D:1      | Reached XP level 1. HP: 18/18 MP: 1/1
    96 | D:1      | Reached skill level 3 in Long Blades
   273 | D:1      | Reached XP level 2. HP: 24/24 MP: 2/2
   896 | D:1      | Reached skill level 4 in Long Blades
   908 | D:2      | Reached XP level 3. HP: 29/29 MP: 3/3
  1170 | D:2      | Found a glowing silver altar of Zin.
  1479 | D:2      | Reached skill level 5 in Long Blades
  1479 | D:2      | Reached XP level 4. HP: 30/36 MP: 4/4
  1755 | D:2      | Found a sparkling altar of Nemelex Xobeh.
  2162 | D:3      | Found a white marble altar of Elyvilon.
  2205 | D:3      | Found a deep blue altar of Sif Muna.
  2282 | D:3      | Reached skill level 6 in Long Blades
  2282 | D:3      | Reached XP level 5. HP: 20/41 MP: 5/5
  3178 | D:3      | Noticed Grinder
  3189 | D:3      | Killed Grinder
  3189 | D:3      | Reached skill level 8 in Long Blades
  3189 | D:3      | Reached XP level 6. HP: 16/47 MP: 6/6
  3576 | D:3      | Found a hazy altar of Hepliaklqana.
  3582 | D:3      | Noticed Robin
  3606 | D:3      | Killed Robin
  3606 | D:3      | Reached XP level 7. HP: 25/52 MP: 7/7
  4059 | D:4      | Found Nuonaong's Jewellery Boutique.
  4064 | D:4      | Reached skill level 9 in Long Blades
  4149 | D:4      | Found a sand-covered staircase.
  4160 | Ossuary  | Entered an ossuary
  4471 | Ossuary  | Reached skill level 10 in Long Blades
  4663 | Ossuary  | Reached XP level 8. HP: 51/59 MP: 8/8
  5101 | D:4      | Reached skill level 11 in Long Blades
  5530 | D:5      | Entered Level 5 of the Dungeon
  5537 | D:5      | Noticed Eustachio
  5595 | D:5      | Found an ornate altar of the Wu Jian Council.
  5603 | D:5      | Killed Eustachio
  5886 | D:5      | Noticed Prince Ribbit
  7009 | D:6      | Reached skill level 5 in Fighting
  7009 | D:6      | Reached XP level 9. HP: 61/68 MP: 9/9
  7200 | D:6      | Noticed Menkaure
  7207 | D:6      | Killed Menkaure
  7207 | D:6      | Reached skill level 5 in Armour
  7578 | D:7      | Found a shattered altar of Ashenzari.
  7615 | D:7      | Reached skill level 12 in Long Blades
  7683 | D:7      | Found a faded altar of an unknown god.
  7683 | D:7      | Found a sacrificial altar of Ru.
  7689 | D:7      | Found a burning altar of Makhleb.
  7695 | D:7      | Found a basalt altar of Yredelemnul.
  7697 | D:7      | Found a faded altar of an unknown god.
  7786 | D:7      | Found a staircase to the Ecumenical Temple.
  7825 | Temple   | Entered the Ecumenical Temple
  8194 | Temple   | Became a worshipper of Warmaster Okawaru
  8344 | D:7      | Reached skill level 5 in Shields
  8799 | D:8      | Noticed a two-headed ogre
  8931 | D:8      | Noticed a two-headed ogre
  8963 | D:8      | HP: 2/69 [two-headed ogre/giant club (22)]
  8963 | D:8      | Demolished by a two-headed ogre

Vault maps used:
D:1:      dpeg_arrival_prison, minivault_23, feat_on_display
D:2:      marbit_many_paths, lemuel_round_altar
D:3:      elyvilon_altar_3, nicolae_overflow_crystal_walls,
          nicolae_overflow_hidden_temple, serial_bayou, serial_bayou_ford_a,
          serial_bayou_lagoon_a, serial_bayou_pond_b, uniq_robin, uniq_jessica,
          uniq_grinder
D:4:      nicolae_ossuary_entry_giza, serial_shops, shop
D:5:      overflow_temple_1_default, first_bread, uniq_eustachio,
          uniq_prince_ribbit1
D:6:      cheibrodos_iron_armory, uniq_menkaure
D:7:      cheibrodos_ashenzari_chains, chequers_temple_overflow_minitemple,
          minmay_temple_entry_mist, minmay_misc_feat_room, the_bakery
Temple:   jpeg_temple_island
Ossuary:  ossuary_tomb_1

Skill      XL: |  1  2  3  4  5  6  7  8  9 |
---------------+----------------------------+-----
Long Blades    | 3 4 5 6 8 10 11 12 | 12.3
Armour         | 4 5 |  5.6
Fighting       | 5 |  5.9
Shields        | 4 5 |  5.2

Action                   |  1- 3 |  4- 6 |  7- 9 || total
-------------------------+-------+-------+-------++-------
Melee: Long sword        |   123 |   191 |   524 ||   838
       Falchion          |       |       |    31 ||    31
 Abil: Hop               |       |     1 |       ||     1
  Use: Potion            |       |     3 |    10 ||    13
       Scroll            |       |       |     4 ||     4
  Eat: Chunk             |     3 |     7 |    12 ||    22
       Fruit             |       |       |    11 ||    11
Armor: Scale mail        |    50 |    78 |   195 ||   323
       Chain mail        |       |       |    11 ||    11
Dodge: Dodged            |    44 |    61 |   140 ||   245
Block: Shield            |    74 |   116 |   210 ||   400
       Rpst.: Long sword |    17 |    16 |    31 ||    64
       Falchion          |       |       |     3 ||     3

Vault maps used:
D:1:      dpeg_arrival_prison, minivault_23, feat_on_display
D:2:      marbit_many_paths, lemuel_round_altar
D:3:      elyvilon_altar_3, nicolae_overflow_crystal_walls,
          nicolae_overflow_hidden_temple, serial_bayou, serial_bayou_ford_a,
          serial_bayou_lagoon_a, serial_bayou_pond_b, uniq_robin, uniq_jessica,
          uniq_grinder
D:4:      nicolae_ossuary_entry_giza, serial_shops, shop
D:5:      overflow_temple_1_default, first_bread, uniq_eustachio,
          uniq_prince_ribbit1
D:6:      cheibrodos_iron_armory, uniq_menkaure
D:7:      cheibrodos_ashenzari_chains, chequers_temple_overflow_minitemple,
          minmay_temple_entry_mist, minmay_misc_feat_room, the_bakery
Temple:   jpeg_temple_island
Ossuary:  ossuary_tomb_1
